 Dungeon Crawl Stone Soup version 0.19-a0-523-g713c38e (webtiles) character file.

997 AlphabetPasta the Cudgeler (level 7, -1/61 HPs)
             Began as a Minotaur Abyssal Knight on June 7, 2016.
             Was a Priest of Lugonu.
             Slain by an orc warrior
             ... wielding a +2 trident of flaming
              (3 damage)
             ... on level 6 of the Dungeon.
             The game lasted 00:20:16 (5425 turns).

AlphabetPasta the Cudgeler (MiAK)                   Turns: 5425, Time: 00:20:16

Health: -1/61      AC: 19    Str: 18    XL:     7   Next: 99%
Magic:  9/9        EV:  3    Int:  9    God:    Lugonu [***...]
Gold:   219        SH:  0    Dex: 10    Spells: 0 memorised, 6 levels left

rFire  . . .     SeeInvis .     v - +1 flail (protect)
rCold  . . .     Gourm    .     w - +2 chain mail {rN+}
rNeg   + . .     Faith    .     (no shield)
rPois  .         Spirit   .     (helmet restricted)
rElec  .         Dismiss  .     m - +2 cloak {+Inv}
rCorr  .         Reflect  .     (no gloves)
SustAt .         Harm     .     (no boots)
MR     .....                    (no amulet)
Stlth  ..........               (no ring)
                                (no ring)

@: not resistant to hostile enchantments, extremely unstealthy
A: retaliatory headbutt, horns 2
a: Depart the Abyss, Bend Space, Banish, Renounce Religion, Evoke Invisibility


You were on level 6 of the Dungeon.
You worshipped Lugonu.
Lugonu was most pleased with you.
You were not hungry.

You visited 2 branches of the dungeon, and saw 7 of its levels.
You visited the Abyss 1 time.

You collected 219 gold pieces.

Inventory:

Hand Weapons
 a - a +2 mace
 e - the +9 hand axe of Neurosis {chop, +Inv rElec rN+++ Stlth-, unknown}
   (You found it on level 4 of the Dungeon)

   It inflicts extra damage upon your enemies.
   It insulates you from electricity.
   It renders you almost immune to negative energy.
   It lets you turn invisible.
   It makes you less stealthy.
 v - a +1 flail of protection (weapon)
Armour
 b - a +0 leather armour
 f - a +0 chain mail
 m - a +2 cloak of invisibility (worn)
 w - a +2 chain mail of positive energy (worn)
Jewellery
 h - an uncursed ring of protection from fire {unknown}
 q - an uncursed ring of positive energy {unknown}
Wands
 l - a wand of hasting (1/9)
 p - a wand of slowing (26/48)
 t - a wand of hasting (2/9)
Scrolls
 d - a scroll of magic mapping
 g - 3 scrolls of identify
 i - a scroll of recharging {unknown}
 s - 3 scrolls of teleportation
Potions
 j - a potion of haste
 k - a potion of curing
 n - a potion of agility
 o - a potion of brilliance
 u - a potion of might
Comestibles
 c - 2 bread rations
 r - 3 meat rations
 x - 3 chunks of flesh


   Skills:
 + Level 5.5 Fighting
 * Level 6.5 Maces & Flails
 + Level 4.8 Armour
 + Level 3.8 Dodging
 + Level 4.0 Invocations
 + Level 2.2 Evocations


You had 6 spell levels left.
You didn't know any spells.

Dungeon Overview and Level Annotations

Branches:
Dungeon (6/15)             Temple (1/1) D:5

Altars:
Ashenzari
Cheibriados
Elyvilon
Fedhas
Gozag
Kikubaaqudgha
Makhleb
Okawaru
Pakellas
Qazlal
Ru
Sif Muna
Trog
Uskayaw
Vehumet
Xom
Zin

Annotations:
D:2 Sigmund
D:6 Menkaure


Innate Abilities, Weirdness & Mutations

You reflexively headbutt those who attack you in melee.
You have a pair of horns on your head.


Message History

The orc warrior is severely wounded.
The orc warrior hits you but does no damage.
You hit the orc warrior.
The orc warrior is severely wounded.
The orc warrior hits you with a trident of flaming!
The orc warrior burns you.
You closely miss the orc warrior.
The orc warrior is severely wounded.
The orc warrior hits you but does no damage.
You hit the orc warrior but do no damage.
The orc warrior is severely wounded.
The orc warrior hits you with a trident of flaming!
* * * LOW HITPOINT WARNING * * *
The orc warrior burns you!
* * * LOW HITPOINT WARNING * * *
There is a stone staircase leading up here.
The orc warrior hits you from afar with a trident of flaming.
* * * LOW HITPOINT WARNING * * *
The orc warrior burns you.
You die...

#. #. #. ##.##
######## #...#
#@)....#
###.M.###)####.#
#.......#o###.
#...........oo
#.......#.##..
###..<###..
#...# ### #####


You could see an orc warrior.

Vanquished Creatures
  Eustachio (D:5)
  Edmund (D:5)
  An ice beast (D:5)
  2 ogres (D:4)
  A howler monkey (D:5)
  A giant frog skeleton (D:5)
  An orc priest (D:5)
  Crazy Yiuf (D:3)
  An iguana (D:4)
  2 orc wizards (D:5)
  4 worker ants
  A worker ant zombie (D:5)
  6 adders
  A shadow imp (Abyss:1)
  2 oozes (D:3)
  3 worms
  6 dart slugs
  A giant gecko (D:4)
  4 orcs
  5 giant cockroaches
  9 goblins
  11 hobgoblins
  10 jackals
  4 quokkas
  A ball python (D:4)
  5 bats
  A giant gecko skeleton (D:5)
  3 giant newts
  6 kobolds
  6 rats (D:1)
101 creatures vanquished.

Vanquished Creatures (others)
  A troll (D:4)
  An orc (D:5)
  A plant (D:5)
3 creatures vanquished.

Grand Total: 104 creatures vanquished

Notes
Turn   | Place    | Note
--------------------------------------------------------------
     0 | Abyss:1  | AlphabetPasta the Minotaur Abyssal Knight began the quest for the Orb.
     0 | Abyss:1  | Reached XP level 1. HP: 19/19 MP: 1/1
    65 | Abyss:1  | Reached XP level 2. HP: 16/27 MP: 2/2
    70 | Abyss:1  | Noticed a tentacled starspawn
    71 | D:1      | Escaped the Abyss
   501 | D:1      | Reached * piety under Lugonu
   514 | D:1      | Reached skill level 3 in Maces & Flails
   611 | D:1      | Reached XP level 3. HP: 26/33 MP: 3/3
   916 | D:2      | Found a sacrificial altar of Ru.
   952 | D:2      | Noticed Sigmund
  1655 | D:3      | Found a shimmering altar of Xom.
  1658 | D:3      | Reached XP level 4. HP: 32/40 MP: 4/4
  1677 | D:3      | Reached ** piety under Lugonu
  1766 | D:3      | Reached skill level 4 in Maces & Flails
  1833 | D:3      | Found a shattered altar of Ashenzari.
  2046 | D:3      | Noticed Crazy Yiuf
  2053 | D:3      | Killed Crazy Yiuf
  2476 | D:4      | Noticed an ogre
  2477 | D:4      | Found an iron altar of Okawaru.
  2482 | D:4      | Killed an ogre
  2482 | D:4      | Reached XP level 5. HP: 33/47 MP: 5/5
  2488 | D:4      | Got a brightly glowing hand axe
  2561 | D:4      | Found an oddly glowing altar of Pakellas.
  2561 | D:4      | Noticed a troll
  2568 | D:4      | Killed a troll
  2569 | D:4      | Noticed an electric golem
  2723 | D:4      | Reached skill level 1 in Evocations
  2730 | D:4      | Found a stormy altar of Qazlal.
  2844 | D:4      | Reached XP level 6. HP: 46/53 MP: 7/7
  2925 | D:4      | Found a glowing silver altar of Zin.
  3150 | D:4      | Reached skill level 5 in Maces & Flails
  3837 | D:5      | Entered Level 5 of the Dungeon
  3850 | D:5      | Noticed Eustachio
  4000 | D:5      | Killed Eustachio
  4000 | D:5      | Reached skill level 5 in Fighting
  4000 | D:5      | Reached XP level 7. HP: 53/61 MP: 8/8
  4317 | D:5      | Reached *** piety under Lugonu
  4317 | D:5      | Reached skill level 6 in Maces & Flails
  4545 | D:5      | Found a radiant altar of Vehumet.
  4547 | D:5      | Found a burning altar of Makhleb.
  4548 | D:5      | Found an ancient bone altar of Kikubaaqudgha.
  4548 | D:5      | Found an opulent altar of Gozag.
  4634 | D:5      | Found a staircase to the Ecumenical Temple.
  4638 | Temple   | Entered the Ecumenical Temple
  4842 | D:5      | Noticed Edmund
  4891 | D:5      | Killed Edmund
  5258 | D:6      | Noticed Menkaure
  5425 | D:6      | HP: 2/61 [orc warrior/trident of flaming (6)]
  5425 | D:6      | Slain by an orc warrior

Vault maps used:
D:1:      dpeg_arrival_houses_and_road, minmay_misc_feat_plants,
          serial_bayou_lagoon_a
D:2:      tso_altar, nicolae_ru_sacrificial_ziggurat, uniq_sigmund
D:3:      xom_butterflies, lemuel_crystal_altar, grunt_decor_mini_mirrors,
          uniq_crazy_yiuf_cottage
D:4:      okawaru_ov_weapons_minmay, gammafunk_pakellas_its_alive,
          zin_scriptorium, nicolae_qazlal_general_emergency, first_bread
D:5:      grunt_temple_overflow_open, temple_statues, serial_bayou_lake_a,
          uniq_eustachio, uniq_edmund
D:6:      lemuel_zombie_altar_yredelemnul, grunt_dithmenos_shadows,
          marbit_many_paths, minmay_crystal_water, uniq_menkaure, uniq_grinder
Temple:   circular_temple_6

Skill      XL: |  1  2  3  4  5  6  7 |
---------------+----------------------+-----
Invocations    | 2 3 4 |  4.0
Maces & Flails | 3 4 5 6 |  6.5
Armour         | 3 4 |  4.8
Fighting       | 4 5 |  5.5
Dodging        | 2 3 |  3.8
Evocations     | 1 2 |  2.2

Action                   |  1- 3 |  4- 6 |  7- 9 || total
-------------------------+-------+-------+-------++-------
Melee: Mace              |    97 |   150 |   116 ||   363
       Headbutt          |    15 |    21 |    21 ||    57
       Flail             |       |       |    29 ||    29
Invok: Depart the Abyss  |     1 |       |       ||     1
Evoke: Wand              |       |     1 |     1 ||     2
  Use: Scroll            |       |     8 |       ||     8
       Potion            |       |     4 |       ||     4
  Eat: Chunk             |     2 |     6 |     4 ||    12
       Royal jelly       |       |     1 |       ||     1
       Pizza             |       |       |     1 ||     1
Armor: Leather armour    |     6 |       |       ||     6
       Chain mail        |     8 |    67 |    93 ||   168
Dodge: Dodged            |    42 |    54 |    48 ||   144
